 Dungeon Crawl Stone Soup version 0.31-a0-963-ga325b2283a (webtiles) character file.

Game seed: 2153859680084038038

10 Fodor the Cutter (level 2, 0/20 HPs)
             Began as a Gnoll Wanderer on Oct 25, 2023.
             Constricted to death by a ball python (1 damage)
             ... on level 1 of the Dungeon.
             The game lasted 00:04:24 (222 turns).

Fodor the Cutter (Gnoll Wanderer)                    Turns: 222, Time: 00:04:25

Health: 0/20       AC:  3    Str:  9    XL:     2   Next: 20%
Magic:  5/5        EV:  8    Int: 11    God:
Gold:   32         SH:  0    Dex: 13    Spells: 6/6 levels left

rFire   . . .        g - +0 mace
rCold   . . .        (no shield)
rNeg    . . .        d - +0 robe
rPois   +            (no helmet)
rElec   .            (no cloak)
rCorr   .            (no gloves)
SInv    .            b - +0 pair of boots
Will    .....        (no amulet)
Stlth   ++           h - ring of poison resistance
HPRegen 0.23/turn    (no ring)
MPRegen 0.09/turn

%: no passive effects
@: constricted
A: fangs 1, strong nose, distributed training
a: no special abilities


You were on level 1 of the Dungeon.
You visited 1 branch of the dungeon, and saw 1 of its levels.

You collected 32 gold pieces.

Inventory:

Hand Weapons
 g - a +0 mace (weapon)
Missiles
 f - 6 curare-tipped darts (quivered)
Armour
 b - a +0 pair of boots (worn)
 d - a +0 robe (worn)
Jewellery
 h - a ring of poison resistance (left hand)
Scrolls
 a - a scroll of noise {unknown}
 c - a scroll of vulnerability
 e - a scroll of fear {unknown}
Potions
 i - a potion of curing {unknown}


   Skills:
 + Level 0.3 Fighting
 + Level 4.4 Short Blades
 + Level 0.3 Long Blades
 + Level 0.3 Axes
 + Level 0.3 Maces & Flails
 + Level 0.3 Polearms
 + Level 0.3 Staves
 + Level 0.3 Ranged Weapons
 + Level 2.4 Throwing
 + Level 2.4 Armour
 + Level 0.3 Dodging
 + Level 4.0 Stealth
 + Level 0.3 Shields
 + Level 0.3 Unarmed Combat
 + Level 2.7 Spellcasting
 + Level 0.2 Conjurations
 + Level 0.2 Hexes
 + Level 0.2 Summonings
 + Level 0.2 Necromancy
 + Level 0.2 Translocations
 + Level 3.7 Transmutations
 + Level 0.2 Fire Magic
 + Level 0.2 Ice Magic
 + Level 0.2 Air Magic
 + Level 0.2 Earth Magic
 + Level 0.2 Poison Magic
 + Level 0.4 Invocations
 + Level 2.4 Evocations
 + Level 0.2 Shapeshifting


You had 6 spell levels left.
You didn't know any spells.
Your spell library contained the following spells:

 Spells                   Type           Power      Damage    Failure   Level
 Wereblood                Tmut           9%         N/A       9%          2
 Passwall                 Tmut/Erth      4%         N/A       19%         2


Dungeon Overview and Level Annotations

Branches:
Dungeon (1/15)

Altars:


Innate Abilities, Weirdness & Mutations

You have very sharp teeth.
Your uncanny sense of smell can sniff out nearby items.
Your experience applies equally to all skills.


Message History

The bat closely misses you. The goblin barely misses you.
The kobold hits you with a +0 dagger.
You barely miss the kobold. The goblin hits you but does no damage.
The kobold hits you with a +0 dagger. The kobold barely misses you.
The goblin barely misses you. The bat barely misses you.
You hit the kobold.
You kill the kobold!
The bat closely misses you. The goblin hits you with a +0 dagger.
Unknown command.
The bat hits you but does no damage. The bat misses you. The goblin misses you.
The ball python barely misses you. The ball python grabs you.
The ball python constricts you.
You see here a +0 dagger.
The ball python's grasp on you weakens, but your attempt to escape fails.
The bat closely misses you. The ball python bites you.
* * * LOW HITPOINT WARNING * * *
The ball python constricts you.
* * * LOW HITPOINT WARNING * * *
The goblin hits you with a +0 dagger.
* * * LOW HITPOINT WARNING * * *
You hit the goblin.
You kill the goblin!
The bat hits you.
* * * LOW HITPOINT WARNING * * *
The ball python barely misses you. The ball python constricts you.
The ball python completely misses you. The ball python constricts you.
You escape the ball python's grasp.
Found a stone staircase leading down.
You see here a +0 dagger.
The bat closely misses you. The ball python closely misses you.
The ball python misses you.
You hit the bat but do no damage. The bat hits you but does no damage.
The ball python closely misses you. The ball python grabs you.
The ball python constricts you.
* * * LOW HITPOINT WARNING * * *
The ball python barely misses you. The ball python constricts you.
The ball python's grasp on you weakens, but your attempt to escape fails.
The bat closely misses you.
The ball python bites you but does no damage.
The ball python constricts you.
You die...

#.##.....# #.
#.....#
#.##.....#
...####.#
##.####.#
####...##.#####
###..........)..#
#......†.S...##.#
#......)).@..#
#.........b..#
#............#
#.........##...>
#.........# ####
#.........#
##.?.....(.
#.........#


You could see a bat and a ball python.

Vanquished Creatures
  2 ball pythons (D:1)
  2 giant cockroaches (D:1)
  2 goblins (D:1)
  A bat (D:1)
  A frilled lizard (D:1)
  A kobold (D:1)
9 creatures vanquished.

Notes
Turn   | Place    | Note
-------+----------+-------------------------------------------
     0 | D:1      | Fodor the Gnoll Wanderer began the quest for the Orb.
     0 | D:1      | Fodor set off with the following items: a +2 short sword, a
                  | +0 pair of boots, a scroll of vulnerability, a +0 robe; and
                  | the following spells available to memorise: Wereblood,
                  | Passwall.
     0 | D:1      | Reached XP level 1. HP: 13/13 MP: 4/4
   170 | D:1      | Reached XP level 2. HP: 19/19 MP: 5/5
   217 | D:1      | HP: 1/20 [bat (1)]
   222 | D:1      | Constricted to death by a ball python

Illustrated notes

Levels and vault maps discovered:
D:1:      dpeg_arrival_renting, layout_basic

Action                     || total
---------------------------++-------
  Melee: Mace              ||    28
         Bite              ||     2
   Stab: Sleeping          ||     3
 Armour: Robe              ||    24
  Dodge: Dodged            ||    44

Table legend: (Time is in decaauts)
 A = Elapsed time spent in this place.
 B = Non-inter-level travel time spent in this place.
 C = Inter-level travel time spent in this place.
 D = Time resting spent in this place.
 E = Time spent auto-exploring this place.
 F = Levels seen in this place.
 G = Mean time per level.
                   A        B        C        D        E       F      G
               +--------+--------+--------+--------+--------+-----+--------+
         Total |    232 |    200 |     32 |      0 |      0 |   1 |  232.0 |
       Dungeon |    232 |    200 |     32 |      0 |      0 |   1 |  232.0 |
               +--------+--------+--------+--------+--------+-----+--------+

Top non-repeatable levels by time:
     D:1: 232 daAuts
